 Dungeon Crawl Stone Soup version 0.25-a0-317-g5f8687bca5 (webtiles) character file.

Game seed: 13208329186817646993, levelgen mode: deterministic

46 Esekla the Sneak (level 3, -1/18 HPs)
             Began as a Vine Stalker Assassin on Dec 26, 2019.
             Slain by a goblin (2 damage)
             ... on level 1 of the Dungeon.
             The game lasted 00:03:53 (780 turns).

Esekla the Sneak (Vine Stalker Assassin)             Turns: 780, Time: 00:03:54

Health: -1/18      AC:  3    Str: 13    XL:     3   Next: 66%
Magic:  0/4        EV: 12    Int: 12    God:
Gold:   29         SH:  0    Dex: 15    Spells: 3/3 levels left

rFire    . . .     SeeInvis .   a - +2 dagger
rCold    . . .     Gourm    .   (no shield)
rNeg     . . .     Faith    .   b - +0 robe
rPois    .         Spirit   +   (no helmet)
rElec    .         Reflect  .   c - +0 cloak
rCorr    .         Harm     .   (no gloves)
MR       .....                  (no boots)
Stlth    +++.......             (no amulet)
HPRegen  0.06/turn              (no ring)
MPRegen  0.09/turn              (no ring)

@: no status effects
A: fangs 2, magic shield, antimagic bite, no potion heal 3, rot immunity
a: no special abilities


You were on level 1 of the Dungeon.
You were not hungry.

You visited 1 branch of the dungeon, and saw 2 of its levels.

You collected 29 gold pieces.

Inventory:

Hand Weapons
 a - a +2 dagger (weapon)
Missiles
 d - 8 poisoned darts (quivered)
 e - 2 curare-tipped darts
Armour
 b - a +0 robe (worn)
 c - a +0 cloak (worn)
Wands
 k - a wand of scattershot (5)
Scrolls
 h - a scroll of teleportation {unknown}
 i - 2 scrolls of remove curse {unknown}
Potions
 g - a potion of agility {unknown}
 j - 2 potions of brilliance {unknown}
Comestibles
 f - 2 rations


   Skills:
 + Level 1.8 Fighting
 + Level 2.2 Short Blades
 + Level 1.8 Throwing
 + Level 0.9 Dodging
 + Level 5.9 Stealth
 * Level 0.6 Spellcasting


You had 3 spell levels left.
You didn't know any spells.
Your spell library was empty.

Dungeon Overview and Level Annotations

Branches:
Dungeon (2/15)

Altars:

Annotations:
D:2 Robin


Innate Abilities, Weirdness & Mutations

You have extremely sharp teeth.
When hurt, damage is shared between your health and your magic reserves.
Your bite disrupts and absorbs the magic of your enemies.
Potions cannot restore your health.
You are immune to rotting.


Message History

Found a stone staircase leading down.
The jackal barely misses you. The goblin misses you.
The jackal barely misses you.
Found 18 gold pieces.
The goblin barely misses you.
The jackal bites you but does no damage.
The goblin wields a +0 hunting sling.
The goblin shoots a stone.
The stone closely misses you. The goblin hits you but does no damage.
Found a club.
There is a stone staircase leading up here.
The goblin misses you. The jackal bites you.
* * * LOW HITPOINT WARNING * * *
You climb upwards.
There is a stone staircase leading down here.
You barely miss the jackal. The goblin barely misses you.
The jackal bites you but does no damage.
You hit the jackal.
The jackal is moderately wounded.
The jackal bites you. The goblin hits you.
You die...

#....... ####### #.##.###
..(...####################.##.###
........>).................##....
#####)#######################..##
#####.##############.........#.##
.....................# ######..##
#####.##.#######h###.## ##.##
#>##.# #@##...# ###.## #.##.###
#g#.#.#.## #..... #.##.).#
##..##.##.####.###.
#####.##.#.####..............# #.
......#................)..(#.# #.
#######.####..........####.#.....
.## #. ###......####...###### #.#
## ###..####........... .##
#####.......######


You could see a jackal and a goblin.

Vanquished Creatures
  An ooze (D:1)
  An adder skeleton (D:2)
  2 worms (D:2)
  2 dart slugs (D:1)
  2 leopard geckos (D:1)
  A giant cockroach (D:2)
  3 goblins (D:1)
  2 hobgoblins
  A jackal (D:2)
  5 kobolds (D:1)
  4 bats (D:1)
  3 rats (D:1)
27 creatures vanquished.

Notes
Turn   | Place    | Note
-------+----------+-------------------------------------------
     0 | D:1      | Esekla the Vine Stalker Assassin began the quest for the
                  | Orb.
     0 | D:1      | Reached XP level 1. HP: 11/11 MP: 2/2
    38 | D:1      | Reached skill level 5 in Stealth
    99 | D:1      | Reached XP level 2. HP: 15/15 MP: 3/3
   420 | D:1      | Reached XP level 3. HP: 18/18 MP: 4/4
   495 | D:2      | Noticed Robin
   780 | D:1      | Slain by a goblin

Levels and vault maps discovered:
D:1:      eino_arrival_cavern_d, layout_loops_ring, minmay_misc_feat_tiny,
          minmay_misc_feat_x, serial_bayou_ford_a
D:2:      layout_rooms, serial_undead, serial_undead_e, serial_undead_e,
          serial_undead_b, serial_undead_e, uniq_robin

Skill      XL: |  1  2 |
---------------+-------+-----
Stealth        | 5 |  5.9
Short Blades   | 2 |  2.2
Fighting       | |  1.8
Throwing       | |  1.8
Dodging        | |  0.9
Spellcasting   | |  0.6

Action                   || total
-------------------------++-------
Melee: Dagger            ||    59
       Bite              ||    18
Throw: Dart              ||     6
 Stab: Sleeping          ||    10
Armor: Robe              ||    23
Dodge: Dodged            ||    49

Table legend:
 A = Non-vault XP
 B = Vault XP
 C = Vault XP percentage of total XP
 D = Non-vault monster count
 E = Vault monster count
 F = Vault count percentage of total count
                 A         B        C        D         E       F
            +---------+---------+-------+---------+---------+-------
      Total |      58 |       8 |  12.1 |      24 |       3 |  11.1
            +---------+---------+-------+---------+---------+-------
        D:1 |      42 |       3 |   6.7 |      19 |       2 |   9.5
        D:2 |      16 |       5 |  23.8 |       5 |       1 |  16.7
            +---------+---------+-------+---------+---------+-------
